 Dungeon Crawl Stone Soup version 0.17-a0-1534-gf98da79 (console) character file.

103 Monkaria the Poker (level 4, -4/63 HPs)
             Began as a Minotaur Berserker on July 17, 2015.
             Was a Believer of Trog.
             Slain by a hobgoblin
             ... wielding a +0 club
              (7 damage)
             ... on level 3 of the Dungeon.
             The game lasted 00:02:04 (1733 turns).

Monkaria the Poker (Minotaur Berserker)             Turns: 1733, Time: 00:02:04

Health: -4/63      AC:  4    Str: 28    XL:     4   Next: 51%
Magic:  3/3        EV: 12    Int:  4    God:    Trog [**....]
Gold:   75         SH:  0    Dex:  9    Spells: 0 memorised, 3 levels left

rFire  . . .     SeeInvis .     a - +0 spear
rCold  . . .     Clarity  .     b - +0 animal skin
rNeg   . . .     SustAt   .     (no shield)
rPois  .         Gourm    .     (helmet restricted)
rElec  .         Spirit   .     j - +0 cloak
rCorr  .         Warding  .     i - +0 pair of gloves
rMut   .         Stasis   .     (no boots)
MR     ++...                    (no amulet)
Stlth  ..........               (no ring)
                                (no ring)

@: berserking, regenerating, very quick, very resistant to hostile enchantments,
extremely unstealthy
A: retaliatory headbutt, horns 2
a: Burn Spellbooks, Berserk, Trog's Hand, Renounce Religion


You were on level 3 of the Dungeon.
You worshipped Trog.
Trog was pleased with you.
You were very hungry.

You visited 1 branch of the dungeon, and saw 3 of its levels.

You collected 75 gold pieces.

Inventory:

Hand weapons
 a - a +0 spear (weapon)
Missiles
 n - 8 poisoned needles
Armour
 b - a +0 animal skin (worn)
 i - a +0 pair of gloves (worn)
 j - a +0 cloak (worn)
 r - a cursed +0 ring mail
Scrolls
 e - 3 scrolls of enchant weapon {unknown}
 f - a scroll of noise {unknown}
 g - a scroll of fog {unknown}
 l - a scroll of remove curse {unknown}
 m - a scroll of teleportation {unknown}
 o - a scroll of magic mapping {unknown}
 p - a scroll of enchant armour {unknown}
 q - a scroll of fear {unknown}
 t - a scroll of blinking {unknown}
 v - a scroll of identify {unknown}
Potions
 d - 2 potions of curing {unknown}
 h - a potion of flight {unknown}
 k - a potion of agility {unknown}
Comestibles
 c - a bread ration
 u - a royal jelly


   Skills:
 - Level 5.0 Fighting
 + Level 5.4 Polearms
 - Level 2.4 Armour
 - Level 2.1 Dodging


You had 3 spell levels left.
You didn't know any spells.

Dungeon Overview and Level Annotations

Branches:
Dungeon (3/15)

Altars:
Makhleb
Ru


Innate Abilities, Weirdness & Mutations

You reflexively headbutt those who attack you in melee.
You have a pair of horns on your head.


Message History

Your skin crawls.
You feel resistant to hostile enchantments.
You feel slightly more hungry.
The hobgoblin goes into a battle-frenzy!
Something hits you.
* * * LOW HITPOINT WARNING * * *
Use which ability? (? or * to list)
Okay, then.
Use which ability? (? or * to list)
A red film seems to cover your vision as you go berserk!
You feel yourself moving faster!
You feel mighty!
You are feeling very hungry.
Something hits you.
* * * LOW HITPOINT WARNING * * *
You closely miss something. You headbutt something. Trog accepts your kill.
Reactivating autopickup.
You feel a bit more experienced. The hobgoblin hits you with a club!
You die...

#.# #.# #.#
#.# #.# #.#
#.#
...######.#
#.....g@))#
#..########


You could see a hobgoblin (frenzied).

Vanquished Creatures
  A hound (D:2)
  Robin (D:3)
  A worm (D:2)
  A ball python (D:2)
  5 giant cockroaches
  15 goblins
  8 hobgoblins
  6 jackals
  2 quokkas (D:2)
  5 bats
  3 giant newts (D:1)
  5 kobolds
  5 rats
58 creatures vanquished.

Notes
Turn   | Place    | Note
--------------------------------------------------------------
     0 | D:1      | Monkaria the Minotaur Berserker began the quest for the Orb.
     0 | D:1      | Reached XP level 1. HP: 19/19 MP: 0/0
    64 | D:1      | Reached skill level 4 in Fighting
   215 | D:1      | Reached XP level 2. HP: 25/28 MP: 1/1
   569 | D:1      | Acquired Trog's second power
   572 | D:1      | Reached skill level 5 in Fighting
   680 | D:1      | Reached XP level 3. HP: 36/36 MP: 2/2
   870 | D:2      | Found a sacrificial altar of Ru.
  1034 | D:2      | Found a burning altar of Makhleb.
  1039 | D:2      | Reached XP level 4. HP: 33/42 MP: 3/3
  1221 | D:2      | Reached skill level 5 in Polearms
  1701 | D:3      | Noticed Robin
  1731 | D:3      | HP: 2/63 [something (5)]
  1732 | D:3      | Killed Robin
  1733 | D:3      | Slain by a hobgoblin

Vault maps used:
D:1:      lemuel_arrival_lava_pool, serial_park_tiny_pond, solitary_fountain
D:2:      makhleb_blood_cavern_becter, nicolae_ru_awakened_eye
D:3:      guppyfry_early_orc_mine, uniq_robin, uniq_terence

Action                   |  1- 3 |  4- 6 || total
-------------------------+-------+-------++-------
Melee: Spear             |    97 |    50 ||   147
Invok: Berserk           |       |     1 ||     1
       Trog's Hand       |       |     1 ||     1
 Stab: Distracted        |       |     1 ||     1
  Eat: Chunk             |       |     2 ||     2
